| TOP OF THE 1ST |
|
York Revolution batting - Pitching for Winnipeg Goldeyes : RHP Ryan Kraemer
|
|
Pitching: RHP Ryan Kraemer
|
|
|
Batting: LHB Quincy Smart
|
0-0: Ball 1-0: Called Strike 1-1: Fly out, F8 (Flyball, 8LS, EV 86.9 MPH)
|
|
Batting: RHB Dan Shaffer
|
0-0: Called Strike 0-1: Swinging Strike 0-2: Foul Ball, location: 2F 0-2: Ball 1-2: SOLO HOME RUN (Flyball, 7D, EV 96.2 MPH), Distance : 391 ft
|
|
Batting: RHB Juan Gonzalez
|
0-0: Called Strike 0-1: Ball 1-1: Fly out, F8 (Flyball, 8RD, EV 81.9 MPH)
|
|
Batting: RHB Alexis Graciani
|
0-0: Foul Ball, location: 2F 0-1: Foul Ball, location: 2F 0-2: Strikes out swinging
|
| Top of the 1st over - 1 run, 1 hit, 0 errors, 0 left on base; York 1 - Winnipeg 0 |
| BOTTOM OF THE 1ST |
|
Winnipeg Goldeyes batting - Pitching for York Revolution : RHP Hugo Rodriguez
|
|
Pitching: RHP Hugo Rodriguez
|
|
|
Batting: RHB Settan Nakamura
|
0-0: Called Strike 0-1: Called Strike 0-2: SINGLE (Line Drive, 8LS, EV 91.2 MPH)
|
|
Batting: SHB Rodrigo Mendoza
|
0-0: Ball Settan Nakamura steals 2nd base 1-0: Foul Ball, location: 2F 1-1: Foul Ball, location: 2F 1-2: Ball 2-2: SINGLE (Groundball, 23, EV 66.2 MPH) (infield hit) Settan Nakamura to third
|
|
Batting: RHB Terry Oetker
|
0-0: Called Strike 0-1: Foul Ball, location: 2F 0-2: Foul Ball, location: 2F 0-2: Ball 1-2: Ball 2-2: Ball 3-2: DOUBLE (Flyball, 8RXD, EV 108.1 MPH) Settan Nakamura scores Rodrigo Mendoza to third
|
|
Batting: SHB Victor Turrubiate
|
0-0: Ball 1-0: SINGLE (Groundball, 34D, EV 100.6 MPH) Rodrigo Mendoza scores Terry Oetker to third
|
|
Batting: LHB Dave Bertheau
|
0-0: Called Strike Victor Turrubiate steals 2nd base 0-1: Ball 1-1: Ball 2-1: Foul Ball, location: 2F 2-2: Fly out, F7 (Flyball, 7, EV 79.4 MPH) Runner from 3rd tags up, SCORES, throw by LF
|
|
Batting: SHB Tim Lloyd
|
0-0: Foul Ball, location: 2F 0-1: Ball 1-1: Ball 2-1: Ball 3-1: Ground out 4-3 (Groundball, 4D, EV 109.4 MPH) Victor Turrubiate to third
|
|
Batting: RHB Alejandro de Jesus
|
0-0: Ball 1-0: Ball 2-0: Foul Ball, location: 2F 2-1: Ball 3-1: Swinging Strike 3-2: Strikes out looking
|
| Bottom of the 1st over - 3 runs, 4 hits, 0 errors, 1 left on base; York 1 - Winnipeg 3 |
| TOP OF THE 2ND |
|
York Revolution batting - Pitching for Winnipeg Goldeyes : RHP Ryan Kraemer
|
|
Batting: RHB Josh Jarvis
|
0-0: Called Strike 0-1: Swinging Strike 0-2: Strikes out swinging
|
|
Batting: LHB Skyler Bright
|
0-0: Ground out 4-3 (Groundball, 4, EV 103.8 MPH)
|
|
Batting: RHB Jonathan Steria
|
0-0: Called Strike 0-1: Ball 1-1: Ball 2-1: Fly out, F8 (Line Drive, 8RD, EV 93.1 MPH)
|
| Top of the 2nd over - 0 runs, 0 hits, 0 errors, 0 left on base; York 1 - Winnipeg 3 |
| BOTTOM OF THE 2ND |
|
Winnipeg Goldeyes batting - Pitching for York Revolution : RHP Hugo Rodriguez
|
|
Batting: RHB Yu-zeng Mai
|
0-0: Ball 1-0: Called Strike 1-1: Foul Ball, location: 2F 1-2: Ball 2-2: SINGLE (Groundball, 25, EV 66.2 MPH) (infield hit)
|
|
Batting: RHB Ricky Saucedo
|
0-0: Ball 1-0: Called Strike 1-1: Ball 2-1: Ball 3-1: Base on Balls Yu-zeng Mai to second
|
|
Batting: RHB Settan Nakamura
|
0-0: Ball 1-0: Swinging Strike 1-1: Foul Ball, location: 2F 1-2: Foul Ball, location: 2F 1-2: Ball 2-2: Foul Ball, location: 2F 2-2: Grounds into double play, 4-6-3 (Groundball, 4M, EV 93.1 MPH) Yu-zeng Mai to third
|
|
Batting: SHB Rodrigo Mendoza
|
0-0: Swinging Strike Passed Ball! Yu-zeng Mai scores 0-1: Foul Ball, location: 2F 0-2: Ball 1-2: Ball 2-2: Ball 3-2: Foul Ball, location: 2F 3-2: Base on Balls
|
|
Batting: RHB Terry Oetker
|
0-0: Called Strike 0-1: Called Strike 0-2: Ball 1-2: Ball 2-2: Ball 3-2: Ground out 1-3 (Groundball, 13S, EV 60.0 MPH)
|
| Bottom of the 2nd over - 1 run, 1 hit, 0 errors, 1 left on base; York 1 - Winnipeg 4 |
| TOP OF THE 3RD |
|
York Revolution batting - Pitching for Winnipeg Goldeyes : RHP Ryan Kraemer
|
|
Batting: RHB Tim Schell
|
0-0: Called Strike 0-1: Foul Ball, location: 2F 0-2: Ball 1-2: Strikes out swinging
|
|
Batting: RHB Zach Walk
|
0-0: Ground out 1-3 (Groundball, 15S, EV 74.4 MPH)
|
|
Batting: LHB Quincy Smart
|
0-0: Called Strike 0-1: Foul Ball, location: 2F 0-2: Ground out 4-3 (Groundball, 4, EV 79.4 MPH)
|
| Top of the 3rd over - 0 runs, 0 hits, 0 errors, 0 left on base; York 1 - Winnipeg 4 |
| BOTTOM OF THE 3RD |
|
Winnipeg Goldeyes batting - Pitching for York Revolution : RHP Hugo Rodriguez
|
|
Batting: SHB Victor Turrubiate
|
0-0: Called Strike 0-1: Ball 1-1: Foul Ball, location: 2F 1-2: Ball 2-2: Ball 3-2: Foul Ball, location: 2F 3-2: SINGLE (Flyball, 8RS, EV 95.6 MPH)
|
|
Batting: LHB Dave Bertheau
|
0-0: Called Strike 0-1: Ball 1-1: Foul Ball, location: 2F 1-2: Foul Ball, location: 2F 1-2: SINGLE (Groundball, 13, EV 86.9 MPH) (infield hit) Victor Turrubiate to second
|
|
Batting: SHB Tim Lloyd
|
0-0: Ball 1-0: Ball 2-0: Fly out, F9 (Flyball, 9, EV 92.5 MPH)
|
|
Batting: RHB Alejandro de Jesus
|
0-0: Called Strike 0-1: Ball 1-1: Ball Victor Turrubiate steals 3rd base Dave Bertheau to second 2-1: Foul Ball, location: 2F 2-2: Foul Ball, location: 2F 2-2: Ball 3-2: Ground out 6-3 (Groundball, 6, EV 83.8 MPH) Victor Turrubiate scores Dave Bertheau to third
|
|
Pitching: RHP Jim Lurte
|
|
|
Batting: RHB Yu-zeng Mai
|
0-0: Fly out, F9 (Flyball, 9, EV 93.8 MPH)
|
| Bottom of the 3rd over - 1 run, 2 hits, 0 errors, 1 left on base; York 1 - Winnipeg 5 |
| TOP OF THE 4TH |
|
York Revolution batting - Pitching for Winnipeg Goldeyes : RHP Ryan Kraemer
|
|
Batting: RHB Dan Shaffer
|
0-0: Ball 1-0: Fly out, F8 (Flyball, 8LXD, EV 103.1 MPH)
|
|
Batting: RHB Juan Gonzalez
|
0-0: SINGLE (Line Drive, 6D, EV 95.6 MPH)
|
|
Batting: RHB Alexis Graciani
|
0-0: Foul Ball, location: 2F 0-1: Ball 1-1: Foul Ball, location: 2F 1-2: Fly out, F9 (Flyball, 9D, EV 100.0 MPH)
|
|
Batting: RHB Josh Jarvis
|
0-0: Ball 1-0: Swinging Strike 1-1: Foul Ball, location: 2F 1-2: Ball 2-2: Strikes out swinging, 2-3 out at first.
|
| Top of the 4th over - 0 runs, 1 hit, 0 errors, 1 left on base; York 1 - Winnipeg 5 |
| BOTTOM OF THE 4TH |
|
Winnipeg Goldeyes batting - Pitching for York Revolution : RHP Jim Lurte
|
|
Batting: RHB Ricky Saucedo
|
0-0: Foul Ball, location: 2F 0-1: Ball 1-1: Swinging Strike 1-2: Foul Ball, location: 2F 1-2: Ball 2-2: Strikes out swinging
|
|
Batting: RHB Settan Nakamura
|
0-0: Swinging Strike 0-1: Foul Ball, location: 2F 0-2: Ball 1-2: Strikes out looking
|
|
Batting: SHB Rodrigo Mendoza
|
0-0: Called Strike 0-1: Foul Ball, location: 2F 0-2: Ball 1-2: Ball 2-2: Ball 3-2: SINGLE (Line Drive, 6MD, EV 98.1 MPH)
|
|
Batting: RHB Terry Oetker
|
0-0: Foul Ball, location: 2F 0-1: Ball Wild Pitch! Rodrigo Mendoza to second 1-1: Called Strike 1-2: Foul Ball, location: 2F 1-2: Ball 2-2: Fly out, F8 (Line Drive, 8RD, EV 95.0 MPH)
|
| Bottom of the 4th over - 0 runs, 1 hit, 0 errors, 1 left on base; York 1 - Winnipeg 5 |
| TOP OF THE 5TH |
|
York Revolution batting - Pitching for Winnipeg Goldeyes : RHP Ryan Kraemer
|
|
Batting: LHB Skyler Bright
|
0-0: Ball 1-0: Swinging Strike 1-1: Foul Ball, location: 2F 1-2: Strikes out swinging
|
|
Batting: RHB Jonathan Steria
|
0-0: SINGLE (Groundball, 56S, EV 66.9 MPH) (infield hit)
|
|
Batting: RHB Tim Schell
|
0-0: Fly out, F9 (Flyball, 9LM, EV 105.0 MPH)
|
|
Batting: RHB Zach Walk
|
0-0: Swinging Strike 0-1: Ball 1-1: Swinging Strike 1-2: Ball 2-2: Ball 3-2: Strikes out looking
|
| Top of the 5th over - 0 runs, 1 hit, 0 errors, 1 left on base; York 1 - Winnipeg 5 |
| BOTTOM OF THE 5TH |
|
Winnipeg Goldeyes batting - Pitching for York Revolution : RHP Jim Lurte
|
|
Batting: SHB Victor Turrubiate
|
0-0: Ball 1-0: Ball 2-0: Ball 3-0: Called Strike 3-1: Foul Ball, location: 2F 3-2: Base on Balls
|
|
Batting: LHB Dave Bertheau
|
0-0: Ball 1-0: Ball 2-0: Called Strike 2-1: Ball 3-1: Fielders Choice at 2nd, 4-6 (Groundball, 4M, EV 76.9 MPH)
|
|
Pitching: LHP Carlton Hookway
|
|
|
Batting: SHB Tim Lloyd
|
0-0: Called Strike 0-1: Ball 1-1: Foul Ball, location: 2F 1-2: Foul Ball, location: 2F 1-2: Ball 2-2: Ball Dave Bertheau is caught stealing 2nd base 2-4 3-2: Fly out, F7 (Line Drive, 7, EV 97.5 MPH)
|
| Bottom of the 5th over - 0 runs, 0 hits, 0 errors, 0 left on base; York 1 - Winnipeg 5 |
| TOP OF THE 6TH |
|
York Revolution batting - Pitching for Winnipeg Goldeyes : RHP Ryan Kraemer
|
|
Batting: LHB Quincy Smart
|
0-0: Ball 1-0: Ball 2-0: Ball 3-0: Base on Balls
|
|
Batting: RHB Dan Shaffer
|
0-0: Ball 1-0: Fly out, F9 (Line Drive, 9, EV 101.9 MPH)
|
|
Batting: RHB Juan Gonzalez
|
0-0: Ball 1-0: Called Strike 1-1: Fly out, F9 (Line Drive, 89M, EV 94.4 MPH)
|
|
Batting: RHB Alexis Graciani
|
0-0: Fly out, F8 (Flyball, 89M, EV 90.0 MPH)
|
| Top of the 6th over - 0 runs, 0 hits, 0 errors, 1 left on base; York 1 - Winnipeg 5 |
| BOTTOM OF THE 6TH |
|
Winnipeg Goldeyes batting - Pitching for York Revolution : LHP Carlton Hookway
|
|
Batting: RHB Alejandro de Jesus
|
0-0: SINGLE (Groundball, 6S, EV 94.4 MPH)
|
|
Batting: RHB Yu-zeng Mai
|
0-0: Called Strike 0-1: Called Strike 0-2: Strikes out swinging
|
|
Batting: RHB Ricky Saucedo
|
0-0: Swinging Strike 0-1: Ball 1-1: Swinging Strike 1-2: Foul Ball, location: 2F 1-2: Strikes out swinging
|
|
Batting: RHB Settan Nakamura
|
0-0: Ball Alejandro de Jesus is caught stealing 2nd base 2-4
|
| Bottom of the 6th over - 0 runs, 1 hit, 0 errors, 0 left on base; York 1 - Winnipeg 5 |
| TOP OF THE 7TH |
|
York Revolution batting - Pitching for Winnipeg Goldeyes : RHP Ryan Kraemer
|
|
Batting: RHB Josh Jarvis
|
0-0: Swinging Strike 0-1: Ball 1-1: Called Strike 1-2: SINGLE (Flyball, 8RS, EV 93.8 MPH)
|
|
Batting: LHB Skyler Bright
|
0-0: Called Strike 0-1: Ball Wild Pitch! Josh Jarvis to second 1-1: Ball 2-1: Foul Ball, location: 2F 2-2: Strikes out swinging
|
|
Batting: RHB Jonathan Steria
|
0-0: Ball 1-0: Swinging Strike 1-1: Ground out 6-3 (Groundball, 56, EV 78.1 MPH)
|
|
Batting: RHB Tim Schell
|
0-0: Ball 1-0: Foul Ball, location: 2F 1-1: Swinging Strike 1-2: Ball 2-2: SINGLE (Line Drive, 8LS, EV 105.6 MPH) Josh Jarvis to third
|
|
Batting: RHB Zach Walk
|
0-0: Ball 1-0: Foul Ball, location: 2F 1-1: Ball 2-1: Swinging Strike 2-2: Ball 3-2: Foul Ball, location: 2F 3-2: Strikes out swinging
|
| Top of the 7th over - 0 runs, 2 hits, 0 errors, 2 left on base; York 1 - Winnipeg 5 |
| BOTTOM OF THE 7TH |
|
Winnipeg Goldeyes batting - Pitching for York Revolution : LHP Carlton Hookway
|
|
Batting: RHB Settan Nakamura
|
0-0: Ball 1-0: Foul Ball, location: 2F 1-1: Foul Ball, location: 2F 1-2: Ball 2-2: Ball 3-2: Foul Ball, location: 2F 3-2: Fly out, F9 (Flyball, 9, EV 88.1 MPH)
|
|
Batting: SHB Rodrigo Mendoza
|
0-0: Swinging Strike 0-1: Ball 1-1: Foul Ball, location: 2F 1-2: Ball 2-2: SINGLE (Line Drive, 9S, EV 92.5 MPH)
|
|
Pitching: RHP Nick Shumway
|
|
|
Batting: RHB Terry Oetker
|
0-0: Ball Rodrigo Mendoza steals 2nd base 1-0: Swinging Strike 1-1: Reached on error, E5 (Groundball, 56, EV 105.0 MPH) Rodrigo Mendoza to third
|
|
Batting: SHB Victor Turrubiate
|
0-0: Called Strike 0-1: Foul Ball, location: 2F 0-2: Foul Ball, location: 2F 0-2: Foul Ball, location: 2F 0-2: Ball 1-2: Ball 2-2: Ball Passed Ball! Rodrigo Mendoza scores Terry Oetker to second 3-2: Fly out, F6 (Popup, 15S, EV 80.6 MPH)
|
|
Batting: LHB Dave Bertheau
|
0-0: Foul Ball, location: 2F 0-1: Foul Ball, location: 2F 0-2: Fly out, F6 (Popup, 6M, EV 56.9 MPH)
|
| Bottom of the 7th over - 1 run, 1 hit, 1 error, 1 left on base; York 1 - Winnipeg 6 |
| TOP OF THE 8TH |
|
York Revolution batting - Pitching for Winnipeg Goldeyes : RHP Ryan Kraemer
|
|
Pitching: RHP Blake Rhoderick
|
|
|
Batting: LHB Quincy Smart
|
0-0: Ground out 1-3 (Groundball, 13S, EV 65.0 MPH)
|
|
Batting: RHB Dan Shaffer
|
0-0: Called Strike 0-1: Ball 1-1: Foul Ball, location: 2F 1-2: Strikes out swinging
|
|
Batting: RHB Juan Gonzalez
|
0-0: SINGLE (Groundball, 56D, EV 107.5 MPH)
|
|
Batting: RHB Alexis Graciani
|
0-0: Swinging Strike 0-1: Ball 1-1: Swinging Strike 1-2: Fly out, F9 (Flyball, 9LD, EV 101.2 MPH)
|
| Top of the 8th over - 0 runs, 1 hit, 0 errors, 1 left on base; York 1 - Winnipeg 6 |
| BOTTOM OF THE 8TH |
|
Winnipeg Goldeyes batting - Pitching for York Revolution : RHP Nick Shumway
|
|
Batting: SHB Tim Lloyd
|
0-0: Foul Ball, location: 2F 0-1: Foul Ball, location: 2F 0-2: Fly out, F8 (Flyball, 8LD, EV 83.8 MPH)
|
|
Batting: RHB Alejandro de Jesus
|
0-0: Ball 1-0: Ball 2-0: Ball 3-0: Base on Balls
|
|
Batting: RHB Yu-zeng Mai
|
0-0: Called Strike 0-1: Ball 1-1: Called Strike 1-2: Ball 2-2: Ball 3-2: Foul Ball, location: 2F 3-2: SINGLE (Groundball, 25, EV 73.8 MPH) (infield hit) Alejandro de Jesus to second
|
|
Batting: RHB Ricky Saucedo
|
0-0: Ball Alejandro de Jesus steals 3rd base 1-0: Ball 2-0: Ball 3-0: Called Strike 3-1: Called Strike 3-2: Strikes out looking Yu-zeng Mai is caught stealing 2nd base 2-4 Batter strikes out.
|
| Bottom of the 8th over - 0 runs, 1 hit, 0 errors, 1 left on base; York 1 - Winnipeg 6 |
| TOP OF THE 9TH |
|
York Revolution batting - Pitching for Winnipeg Goldeyes : RHP Blake Rhoderick
|
|
Batting: RHB Josh Jarvis
|
0-0: Ball 1-0: Called Strike 1-1: Ball 2-1: Ball 3-1: Called Strike 3-2: SOLO HOME RUN (Flyball, 7LD, EV 95.0 MPH), Distance : 354 ft
|
|
Batting: LHB Skyler Bright
|
0-0: Called Strike 0-1: Swinging Strike 0-2: Strikes out swinging
|
|
Batting: RHB Jonathan Steria
|
0-0: Called Strike 0-1: Called Strike 0-2: Ball 1-2: Ball 2-2: Strikes out swinging
|
|
Batting: RHB Tim Schell
|
0-0: Foul Ball, location: 2F 0-1: Swinging Strike 0-2: Strikes out looking
|
| Top of the 9th over - 1 run, 1 hit, 0 errors, 0 left on base; York 2 - Winnipeg 6 |
|